 Dungeon Crawl Stone Soup version 0.20.0 (webtiles) character file.

14561 Larett the Severer (level 11, 0/73 HPs)
             Began as a Minotaur Berserker on May 24, 2017.
             Was a High Priest of Trog.
             Slain by a ten-headed hydra (4 damage)
             ... on level 11 of the Dungeon on May 25, 2017.
             The game lasted 00:45:10 (11510 turns).

Larett the Severer (Minotaur Berserker)            Turns: 11510, Time: 00:45:10

Health: 0/73       AC:  9    Str: 23    XL:     11   Next: 90%
Magic:  10/10      EV: 14    Int:  9    God:    Trog [*****.]
Gold:   747        SH: 12    Dex: 12    Spells: 10/10 levels left

rFire    . . .     SeeInvis +   E - +0 whip (flame)
rCold    . . .     Gourm    +   y - +0 large shield
rNeg     . . .     Faith    .   F - +4 ring mail of Divine Compulsion {*Drain Int+5}
rPois    .         Spirit   .   (helmet restricted)
rElec    .         Reflect  .   p - +0 cloak
rCorr    .         Harm     .   (no gloves)
MR       ++...                  Z - +0 pair of boots
Stlth    +.........             S - amulet of the gourmand
Regen    1.3/turn               s - ring of see invisible
MPRegen  0.2/turn               u - +2 ring of evasion

@: regenerating
A: retaliatory headbutt, hooves 1, horns 2, deformed body, frail 1
a: Berserk, Trog's Hand, Brothers in Arms, Burn Spellbooks, Renounce Religion


You were on level 11 of the Dungeon.
You worshipped Trog.
Trog was extremely pleased with you.
You were very full.

You visited 1 branch of the dungeon, and saw 11 of its levels.
You also visited: Sewer.

You collected 747 gold pieces.

Inventory:

Hand Weapons
 a - the +8 mithril axe "Arga" {speed, MR+}
   (You found it on level 9 of the Dungeon)

   Attacks with this weapon are significantly faster.
   It affects your resistance to hostile enchantments.
 h - a +1 whip of venom
 i - a +2 scimitar of holy wrath
 k - a +0 hunting sling
 E - a +0 whip of flaming (weapon)
 I - a +7 glaive
Missiles
 D - 4 exploding tomahawks (quivered)
 G - 7 steel tomahawks {god gift}
 O - 6 javelins
 Y - 389 stones
Armour
 p - a +0 cloak (worn)
 y - a +0 large shield (worn)
 F - the +4 ring mail of Divine Compulsion (worn) {*Drain Int+5}
   (You found it on level 4 of the Dungeon)

   It affects your intelligence (+5).
   It causes draining when unequipped.
 Z - a +0 pair of boots (worn)
Jewellery
 n - an uncursed ring of poison resistance {unknown}
 s - a ring of see invisible (left hand)
 u - a +2 ring of evasion (right hand)
 x - a +3 amulet of reflection {unknown}
 S - an amulet of the gourmand (around neck)
Wands
 m - a wand of polymorph (16/24)
 q - a wand of acid (9/15)
 A - a wand of acid (0/15)
 C - a wand of polymorph (11/24)
 P - a wand of paralysis (6/24)
Scrolls
 b - a scroll of noise {unknown}
 e - 2 scrolls of enchant weapon
 f - 4 scrolls of fog
 l - a scroll of holy word {unknown}
 v - 2 scrolls of recharging
 B - 2 scrolls of immolation
 M - 3 scrolls of magic mapping
 R - a scroll of identify
 T - 10 scrolls of teleportation
 W - 5 scrolls of remove curse
 X - a scroll of blinking {unknown}
Potions
 d - 3 potions of berserk rage
 r - a potion of brilliance
 w - 5 potions of might
 H - a potion of cancellation
 J - 6 potions of heal wounds
 K - 3 potions of lignification
 Q - 5 potions of curing
 U - a potion of ambrosia
Books
 o - a book of the Sky

   Spells                             Type                      Level
   a - Summon Lightning Spire         Summoning/Air                4
   b - Silence                        Hexes/Air                    5
   c - Deflect Missiles               Charms/Air                   6
   d - Conjure Ball Lightning         Conjuration/Air              6
   e - Tornado                        Air                          9
   Trog disapproves of the use of such an item.
 t - a book of Air

   Spells                             Type                      Level
   a - Shock                          Conjuration/Air              1
   b - Swiftness                      Charms/Air                   2
   c - Static Discharge               Conjuration/Air              3
   d - Airstrike                      Air                          4
   e - Lightning Bolt                 Conjuration/Air              5
   Trog disapproves of the use of such an item.
Miscellaneous
 L - a lightning rod (4/4) {!a}
 V - a phantom mirror
Comestibles
 c - 11 bread rations
 g - 16 royal jellies
 j - 14 chunks of flesh {@w1}
 z - 4 meat rations
 N - 13 fruits


   Skills:
 - Level 3.6 Fighting
 + Level 17.6 Axes
 - Level 2.4 Armour
 - Level 12.4 Dodging


You had 10 spell levels left.
You didn't know any spells.

Dungeon Overview and Level Annotations

Branches:
Dungeon (11/15)            Temple (0/1) D:4            Lair (0/6) D:10
    Orc (0/2) D:9

Altars:
Cheibriados
Fedhas
Gozag
Hepliaklqana
Okawaru
Ru
Zin


Innate Abilities, Weirdness & Mutations

You reflexively headbutt those who attack you in melee.
You have a pair of horns on your head.
You have large cloven feet.
Armour fits poorly on your strangely shaped body.
You are frail. (-10% HP)


Message History

Your deep troll bites the eight-headed hydra!
Your deep troll claws the eight-headed hydra!!
Your deep troll claws one of the eight-headed hydra's heads off!
The seven-headed hydra grows two more!
Your deep troll claws the nine-headed hydra!!
Your deep troll rips one of the nine-headed hydra's heads off!
The eight-headed hydra grows two more!
The ten-headed hydra bites you but does no damage.
You block the ten-headed hydra's attack.
The ten-headed hydra bites you.
* * * LOW HITPOINT WARNING * * *
The ten-headed hydra bites you but does no damage.
The ten-headed hydra bites you.
* * * LOW HITPOINT WARNING * * *
You block the ten-headed hydra's attack.
The ten-headed hydra bites you but does no damage.
The ten-headed hydra bites you!
* * * LOW HITPOINT WARNING * * *
The ten-headed hydra barely misses you. The ten-headed hydra bites you.
You die...

###.........#####.......#
##.######## ######'## #..#
#..## ###'######### ##..#
#...........### #####)##
#+#####.........^.'.## #...)†.#
...#..'...........#..###...))(#
>..#.##..._.......##..##......#
...#.##.........@.###..#......#
...#.##.........D.# ##........#
...#.##.........T.# ###:.....#
...#.##...........# #......#
...#.##...........# #......#
...#.##...........# #......#
...'.#########'#### ########
...### ##.# ...# #..#


You could see a ten-headed hydra and a friendly deep troll (berserk).

Vanquished Creatures
  Erica (D:8)
  5 two-headed ogres
  Pikel (D:8)
  An ugly thing (D:11)
  A cyclops (D:11)
  A manticore (D:11)
  Maurice (D:8)
  A centaur skeleton (D:8)
  A queen bee (D:10)
  Prince Ribbit (D:9)
  A hippogriff (D:7)
  Sigmund (D:2)
  Eustachio (D:5)
  3 yaks (D:9)
  A hungry ghost (D:8)
  Duvessa (D:4)
  A water moccasin (D:9)
  2 black bears
  2 ice beasts
  2 phantoms
  7 orc warriors
  3 sky beasts
  An eye of draining (D:9)
  6 ogres
  2 centaurs
  7 bullfrogs
  Blork the orc (D:5)
  Dowan (D:4)
  8 scorpions
  30 killer bees
  A howler monkey (D:4)
  3 wights (D:8)
  A bullfrog zombie (D:5)
  2 crimson imps
  7 orc priests
  7 hounds
  10 orc wizards
  A gnoll shaman (D:6)
  3 jellies
  3 iguanas
  13 worker ants
  19 adders
  3 gnolls (D:8)
  6 river rats (Sewer)
  An adder skeleton (D:4)
  A worm (D:3)
  3 dart slugs
  8 leopard geckos
  27 orcs
  7 giant cockroaches
  10 goblins
  9 hobgoblins
  8 jackals
  6 kobolds
  6 quokkas
  15 ball pythons
  3 bats
  6 frilled lizards
  2 jackal zombies
  2 quokka skeletons
  27 rats
315 creatures vanquished.

Vanquished Creatures (collateral kills)
  Urug (D:10)
  An ice beast (D:9)
  A killer bee (D:10)
  A bullfrog zombie (D:9)
  2 orcs (D:10)
6 creatures vanquished.

Vanquished Creatures (others)
  A slave (D:8)
  A black bear (D:8)
  An ogre (D:8)
  A bullfrog zombie (D:8)
4 creatures vanquished.

Grand Total: 325 creatures vanquished

Notes
Turn   | Place    | Note
-------+----------+-------------------------------------------
     0 | D:1      | Larett the Minotaur Berserker began the quest for the Orb.
     0 | D:1      | Reached XP level 1. HP: 19/19 MP: 0/0
   147 | D:1      | Reached skill level 3 in Dodging
   147 | D:1      | Reached XP level 2. HP: 26/26 MP: 1/1
   581 | D:1      | Reached ** piety under Trog
   835 | D:1      | Gained mutation: Armour fits poorly on your strangely shaped body. [potion of mutation]
   835 | D:1      | Gained mutation: Your mind is acute. (Int +2) [potion of mutation]
   835 | D:1      | Gained mutation: You are somewhat resistant to further mutation. [potion of mutation]
   836 | D:1      | Lost mutation: You are somewhat resistant to further mutation. [potion of mutation]
   836 | D:1      | Lost mutation: Your mind is acute. (Int +2) [potion of mutation]
   836 | D:1      | Gained mutation: You are frail. (-10% HP) [potion of mutation]
   836 | D:1      | Gained mutation: You have large cloven feet. [potion of mutation]
  1006 | D:2      | Reached XP level 3. HP: 24/27 MP: 2/2
  1160 | D:2      | Noticed Sigmund
  1167 | D:2      | Killed Sigmund
  1167 | D:2      | Reached skill level 6 in Dodging
  1167 | D:2      | Reached XP level 4. HP: 35/35 MP: 3/3
  1167 | D:2      | Reached XP level 5. HP: 40/40 MP: 4/4
  2334 | D:4      | Reached XP level 6. HP: 15/45 MP: 5/5
  2616 | D:4      | Found a staircase to the Ecumenical Temple.
  2621 | D:4      | Noticed Duvessa
  2622 | D:4      | Noticed Dowan
  2628 | D:4      | Killed Duvessa
  2632 | D:4      | Killed Dowan
  2723 | D:4      | Reached XP level 7. HP: 26/51 MP: 6/6
  2969 | D:4      | Got an opal-encrusted ring mail
  2980 | D:4      | Identified the +4 ring mail of Divine Compulsion {*Drain Int+5} (You found it on level 4 of the Dungeon)
  3166 | D:4      | Found an opulent altar of Gozag.
  3327 | D:4      | Reached skill level 9 in Dodging
  3351 | D:4      | Found an iron altar of Okawaru.
  3749 | D:5      | Entered Level 5 of the Dungeon
  3763 | D:5      | Reached *** piety under Trog
  3870 | D:5      | Noticed Blork the orc
  3881 | D:5      | Killed Blork the orc
  3968 | D:5      | Found a glowing drain.
  3990 | Sewer    | Entered a sewer
  4280 | Sewer    | Reached XP level 8. HP: 57/57 MP: 7/7
  4288 | Sewer    | Reached **** piety under Trog
  4519 | D:5      | You fall through a shaft for 3 floors!
  4535 | D:8      | Noticed a two-headed ogre
  4543 | D:8      | Killed a two-headed ogre
  4543 | D:8      | Reached skill level 12 in Dodging
  4581 | D:8      | Reached skill level 4 in Axes
  4717 | D:8      | Reached XP level 9. HP: 58/63 MP: 8/8
  4740 | D:8      | Reached skill level 6 in Axes
  4743 | D:8      | Noticed Maurice
  4752 | D:8      | Killed Maurice
  4752 | D:8      | Reached skill level 7 in Axes
  4753 | D:8      | Noticed Pikel
  4762 | D:8      | Killed Pikel
  4762 | D:8      | Reached skill level 9 in Axes
  4912 | D:8      | Noticed Erica
  4918 | D:8      | Killed Erica
  4918 | D:8      | Reached skill level 10 in Axes
  4918 | D:8      | Reached XP level 10. HP: 69/69 MP: 9/9
  4992 | D:8      | Found a hazy altar of Hepliaklqana.
  5047 | D:8      | Noticed a two-headed ogre
  5061 | D:8      | HP: 1/69 [two-headed ogre/giant spiked club (13)]
  5068 | D:8      | Killed a two-headed ogre
  5068 | D:8      | Reached skill level 11 in Axes
  5588 | D:8      | Reached skill level 12 in Axes
  5927 | D:8      | Noticed a two-headed ogre
  5934 | D:8      | Killed a two-headed ogre
  6104 | D:7      | Reached skill level 13 in Axes
  6273 | D:7      | Found a blossoming altar of Fedhas.
  6540 | D:7      | Found a glowing silver altar of Zin.
  7369 | D:6      | Reached ***** piety under Trog
  7953 | D:5      | Noticed Eustachio
  7972 | D:5      | Killed Eustachio
  7972 | D:5      | Reached skill level 14 in Axes
  8004 | D:5      | Upgraded the game from 0.20-b1-18-gaa2fd62 to 0.20.0
  8287 | D:5      | You fall through a shaft for 3 floors!
  8555 | D:9      | Noticed Prince Ribbit
  8561 | D:9      | Killed Prince Ribbit
  8688 | D:9      | Reached XP level 11. HP: 57/73 MP: 8/10
  8787 | D:9      | Found a sacrificial altar of Ru.
  9159 | D:9      | Reached skill level 15 in Axes
  9223 | D:9      | Found a staircase to the Orcish Mines.
  9306 | D:9      | Noticed a two-headed ogre
  9314 | D:9      | Killed a two-headed ogre
  9317 | D:9      | Received a gift from Trog
  9643 | D:10     | Entered Level 10 of the Dungeon
  9655 | D:10     | Noticed Urug
  9765 | D:10     | Killed Urug
  9892 | D:10     | Found a staircase to the Lair.
  9959 | D:10     | Reached skill level 16 in Axes
 10676 | D:11     | Noticed a two-headed ogre
 10678 | D:11     | Killed a two-headed ogre
 10718 | D:11     | Reached skill level 17 in Axes
 10965 | D:11     | Found a snail-covered altar of Cheibriados.
 10966 | D:11     | Noticed a green ugly thing
 10977 | D:11     | Killed a green ugly thing
 11502 | D:11     | Noticed an eight-headed hydra
 11510 | D:11     | Slain by a ten-headed hydra

Skill      XL: |  1  2  3  4  5  6  7  8  9 10 11 |
---------------+----------------------------------+-----
Dodging        | 3 4 6 7 8 10 12 | 12.4
Axes           | 4 10 14 17 | 17.6
Fighting       | |  3.6
Armour         | |  2.4

Action                   |  1- 3 |  4- 6 |  7- 9 | 10-12 || total
-------------------------+-------+-------+-------+-------++-------
Melee: Hand axe          |    57 |   100 |    86 |   183 ||   426
       Headbutt          |    10 |    18 |    41 |    72 ||   141
       Kick              |     2 |    30 |    49 |    79 ||   160
       Whip              |       |       |    70 |       ||    70
       Unarmed           |       |       |     2 |       ||     2
       Short sword       |       |       |    34 |       ||    34
       Scimitar          |       |       |       |     7 ||     7
       Broad axe         |       |       |       |   254 ||   254
Throw: Tomahawk          |       |       |       |     2 ||     2
Invok: Berserk           |     1 |     1 |     3 |     7 ||    12
       Trog's Hand       |     1 |     1 |     2 |     3 ||     7
       Brothers in Arms  |       |       |       |     5 ||     5
Evoke: Wand              |       |       |     5 |     4 ||     9
  Use: Scroll            |     2 |     6 |     2 |     8 ||    18
       Potion            |     2 |       |       |     7 ||     9
  Eat: Chunk             |     4 |    15 |    20 |    30 ||    69
       Fruit             |       |     1 |       |       ||     1
Armor: Animal skin       |     4 |       |       |       ||     4
       Ring mail         |     1 |    17 |    53 |    68 ||   139
Dodge: Dodged            |    42 |    64 |   228 |   198 ||   532
Block: Large shield      |       |       |       |   162 ||   162
       Shield            |       |       |       |     3 ||     3
       Rpst.: Scimitar   |       |       |       |     3 ||     3
